 Dungeon Crawl Stone Soup version 0.22.1-2-g9c5b331383 (webtiles) character file.

4554 Pytinka the Cleaver (level 10, -1/84 HPs)
             Began as a Minotaur Fighter on Dec 23, 2018.
             Killed from afar by Josephine (22 damage)
             ... with a ghostly fireball
             ... on level 10 of the Dungeon.
             The game lasted 00:13:05 (7628 turns).

Pytinka the Cleaver (Minotaur Fighter)              Turns: 7628, Time: 00:13:05

Health: -1/84      AC: 12    Str: 23    XL:     10   Next: 17%
Magic:  9/9        EV:  9    Int:  5    God:
Gold:   464        SH: 10    Dex: 11    Spells: 9/9 levels left

rFire    . . .     SeeInvis .   a - +0 war axe
rCold    + . .     Gourm    .   c - +0 shield
rNeg     . . .     Faith    .   u - +2 scale mail {rC+}
rPois    .         Spirit   .   (helmet restricted)
rElec    .         Reflect  .   (no cloak)
rCorr    .         Harm     .   b - +0 pair of gloves
MR       .....                  e - +0 pair of boots
Stlth    ..........             (no amulet)
HPRegen  0.24/turn              (no ring)
MPRegen  0.11/turn              (no ring)

@: slowed, drained, very slow
A: retaliatory headbutt, horns 2
a: no special abilities


You were on level 10 of the Dungeon.
You were not hungry.

You visited 1 branch of the dungeon, and saw 9 of its levels.

You collected 464 gold pieces.

Inventory:

Hand Weapons
 a - a +0 war axe (weapon)
Missiles
 y - 6 javelins of penetration (quivered)
Armour
 b - a +0 pair of gloves (worn)
 c - a +0 shield (worn)
 e - a +0 pair of boots (worn)
 u - a +2 scale mail of cold resistance (worn)
 B - a +0 plate armour
Magical Staves
 t - an uncursed staff of death {unknown}
Jewellery
 A - an uncursed amulet of magic regeneration
Wands
 v - a wand of flame (25)
Scrolls
 g - a scroll of fear {unknown}
 i - 3 scrolls of enchant armour {unknown}
 l - 5 scrolls of identify {unknown}
 m - 2 scrolls of teleportation {unknown}
 n - 3 scrolls of enchant weapon {unknown}
 o - a scroll of amnesia {unknown}
 s - 2 scrolls of remove curse {unknown}
 w - a scroll of fog {unknown}
 x - a scroll of magic mapping {unknown}
 C - 2 scrolls of random uselessness {unknown}
Potions
 d - a potion of might
 h - 2 potions of agility {unknown}
 j - 3 potions of heal wounds {unknown}
 k - a potion of berserk rage {unknown}
 p - 2 potions of haste {unknown}
 q - 2 potions of degeneration {unknown}
 r - 2 potions of curing {unknown}
Comestibles
 f - 11 rations


   Skills:
 + Level 6.9(5.8) Fighting
 * Level 12.5(11.1) Axes
 + Level 8.3(7.1) Armour
 + Level 4.2(3.1) Dodging
 + Level 0.9(0.0) Stealth
 + Level 7.3(6.1) Shields


You had 9 spell levels left.
You didn't know any spells.
Your spell library contained the following spells:

 Spells                   Type           Power        Failure   Level  Hunger
 Confusing Touch          Hex            #.....       98%         1    ##.....
 Confuse                  Hex            #.......     100%        3    ####...
 Gell's Gravitas          Tloc           #.........   100%        3    ####...
 Petrify                  Tmut/Erth      #.......     100%        4    #####..
 Metabolic Englaciation   Hex/Ice        #.........   100%        5    ######.
 Yara's Violent Unravell  Hex/Tmut       #.........   100%        5    ######.


Dungeon Overview and Level Annotations

Branches:
Dungeon (10/15)              Lair (0/6) D:10
 Temple: D:4-7          Orc: D:9-12

Altars:
Gozag
Hepliaklqana
Nemelex Xobeh
Qazlal

Shops:
D:4 (

Annotations:
D:8 3 runed doors, Adamkad1's ghost, novice FeEn
D:10 exclusion: oklob plant, Josephine


Innate Abilities, Weirdness & Mutations

You reflexively headbutt those who attack you in melee.
You have a pair of horns on your head.


Message History

* * * LOW HITPOINT WARNING * * *
The ghostly fireball engulfs Josephine.
Josephine completely resists.
The gargoyle hits you but does no damage.
The black bear goes berserk!
You hear a shout!
You hit the black bear.
The black bear is almost dead.
You hit the gargoyle but do no damage.
The black bear bites you but does no damage.
The black bear claws you but does no damage.
The black bear misses you. The gargoyle closely misses you.
You block the black bear's attack.
The black bear claws you but does no damage.
The black bear barely misses you.
Josephine points at you and mumbles some strange words.
The ghostly flame explodes!
The ghostly fireball engulfs the gargoyle.
The gargoyle completely resists.
The ghostly fireball engulfs you!
You feel drained.
You die...

..# #.# ### ..# #.#
....... .#..# #.#
....... #.##.# #.#
....... #.##.# #.#
....... #.##.# #.#
....... #.##.# #.#
.......###.##h# #.#
...........##@# #.#
#..W..##9# #.#
#...≈...#..##@#####.#
#.#
..#...#..#..........#
#.#
#...##.####.#######
#.# ....
..####.##########.##
≈...>
..≈##...............#
..P.
P..##.#.#############
.##. .##.#..#.#


You could see Josephine, a black bear (berserk) and a gargoyle.

Vanquished Creatures
  A deep elf mage (D:8)
  2 hippogriffs
  3 wraiths (D:10)
  4 yaks
  A hungry ghost (D:7)
  The ghost of topfpfpflanze the Grave Robber, an amateur DsNe (D:5)
  An orc warrior (D:6)
  An ice beast (D:6)
  A black bear (D:8)
  4 ogres
  2 centaurs (D:6)
  2 big kobolds
  2 bullfrogs
  2 scorpions
  A wyvern skeleton (D:6)
  2 howler monkeys (D:7)
  4 crimson imps
  2 hounds
  2 jellies
  3 orc priests
  3 bullfrog skeletons
  3 iguanas
  8 orc wizards
  8 worker ants
  A hound zombie (D:7)
  2 worker ant zombies
  8 gnolls
  6 adders
  2 howler monkey skeletons
  2 shadow imps
  3 oozes
  2 adder skeletons
  2 worms (D:2)
  9 dart slugs
  A leopard gecko (D:2)
  22 orcs
  3 bats
  2 giant cockroaches
  3 goblins
  6 hobgoblins
  3 jackals (D:2)
  13 kobolds
  4 quokkas
  5 frilled lizards
  6 rats
  A bush (D:6)
169 creatures vanquished.

Vanquished Creatures (others)
  15 plants
15 creatures vanquished.

Grand Total: 184 creatures vanquished

Notes
Turn   | Place    | Note
-------+----------+-------------------------------------------
     0 | D:1      | Pytinka the Minotaur Fighter began the quest for the Orb.
     0 | D:1      | Reached XP level 1. HP: 19/19 MP: 0/0
   290 | D:1      | Reached XP level 2. HP: 23/27 MP: 1/1
   385 | D:1      | You fall through a shaft!
   494 | D:2      | Reached XP level 3. HP: 32/33 MP: 2/2
   502 | D:2      | Reached skill level 3 in Axes
   748 | D:2      | Reached skill level 1 in Dodging
  1152 | D:3      | Found a stormy altar of Qazlal.
  1216 | D:3      | Found a sparkling altar of Nemelex Xobeh.
  1325 | D:3      | HP: 1/33 [kobold/dagger of electrocution (14)]
  1753 | D:3      | Reached XP level 4. HP: 33/40 MP: 3/3
  2404 | D:4      | Reached skill level 4 in Axes
  2563 | D:4      | Found Weujof's Weapon Emporium.
  2625 | D:4      | Found a hazy altar of Hepliaklqana.
  2650 | D:4      | Reached XP level 5. HP: 24/46 MP: 4/4
  3139 | D:4      | Found a large runed door.
  3139 | D:4      | Found a large runed door.
  3178 | D:4      | Found a large runed door.
  3179 | D:4      | Found a large runed door.
  3240 | D:4      | Reached skill level 5 in Armour
  3356 | D:4      | Noticed an ogre
  3358 | D:4      | Reached XP level 6. HP: 53/53 MP: 5/5
  3814 | D:5      | Entered Level 5 of the Dungeon
  3846 | D:5      | Reached skill level 5 in Shields
  3853 | D:5      | Reached skill level 5 in Axes
  3872 | D:5      | Reached XP level 7. HP: 51/60 MP: 6/6
  3904 | D:5      | Found a runed gate.
  3904 | D:5      | Found a runed gate.
  3906 | D:5      | Noticed topfpfpflanze's ghost (amateur DsNe)
  3907 | D:5      | Found a runed gate.
  4030 | D:5      | Reached skill level 6 in Axes
  4265 | D:5      | Reached skill level 5 in Fighting
  4875 | D:5      | Reached skill level 7 in Axes
  4875 | D:5      | Reached XP level 8. HP: 60/68 MP: 7/7
  5100 | D:5      | Killed topfpfpflanze's ghost
  5227 | D:6      | Reached skill level 8 in Axes
  5696 | D:6      | Reached skill level 9 in Axes
  6282 | D:6      | Found an opulent altar of Gozag.
  6558 | D:7      | Reached XP level 9. HP: 75/75 MP: 8/8
  6659 | D:7      | Noticed a deep elf mage
  6675 | D:7      | Reached skill level 10 in Axes
  7063 | D:8      | Killed a deep elf mage
  7063 | D:8      | Reached skill level 11 in Axes
  7074 | D:8      | Found a runed gate.
  7074 | D:8      | Found a runed gate.
  7074 | D:8      | Found a runed gate.
  7316 | D:8      | Noticed Adamkad1's ghost (novice FeEn)
  7334 | D:8      | You fall through a shaft for 2 floors!
  7334 | D:10     | Entered Level 10 of the Dungeon
  7482 | D:10     | Reached skill level 12 in Axes
  7482 | D:10     | Reached XP level 10. HP: 64/84 MP: 9/9
  7597 | D:10     | Found a staircase to the Lair.
  7597 | D:10     | Noticed an oklob plant
  7617 | D:10     | Noticed a gargoyle
  7623 | D:10     | Noticed Josephine
  7628 | D:10     | Killed from afar by Josephine

Skill      XL: |  1  2  3  4  5  6  7  8  9 |
---------------+----------------------------+-----
Armour         | 4 5 6 7 8 |  8.3
Shields        | 4 5 6 7 |  7.3
Axes           | 3 4 5 7 9 12 | 12.5
Dodging        | 1 2 3 4 |  4.2
Fighting       | 4 5 6 |  6.9
Stealth        | |  0.9

Action                   |  1- 3 |  4- 6 |  7- 9 | 10-12 || total
-------------------------+-------+-------+-------+-------++-------
Melee: War axe           |   101 |   102 |   346 |    37 ||   586
       Headbutt          |    13 |    20 |    82 |    11 ||   126
  Eat: Ration            |     1 |       |     1 |       ||     2
       Chunk             |       |     6 |    13 |       ||    19
Armor: Scale mail        |    39 |    35 |    98 |    20 ||   192
Dodge: Dodged            |    29 |    29 |    80 |    14 ||   152
Block: Shield            |    51 |    44 |   168 |    26 ||   289
